 Dungeon Crawl Stone Soup version 0.26-a0-30-g56b8cd3df0 (webtiles) character file.

Game seed: 493942783771168291, levelgen mode: deterministic

282 Hasart the Sneak (level 6, 0/37 HPs)
             Began as a Kobold Assassin on May 30, 2020.
             Was an Initiate of Okawaru.
             Slain by an orc
             ... wielding a +0 trident
              (1 damage)
             ... on level 6 of the Dungeon.
             The game lasted 00:12:08 (3409 turns).

Hasart the Sneak (Kobold Assassin)                  Turns: 3409, Time: 00:12:08

Health: 0/37       AC:  6    Str: 10    XL:     6   Next: 54%
Magic:  6/6        EV: 16    Int: 15    God:    Okawaru [......]
Gold:   72         SH:  0    Dex: 17    Spells: 5/5 levels left

rFire    . . .     SeeInvis .   m - +1 short sword (venom)
rCold    . . .     Gourm    .   (shield restricted)
rNeg     . . .     Faith    .   b - +0 robe
rPois    +         Spirit   .   y - +1 helmet {Int+3}
rElec    .         Reflect  .   k - +0 cloak
rCorr    .         Harm     .   g - +0 pair of gloves
MR       .....                  (no boots)
Stlth    ++++......             (no amulet)
HPRegen  0.12/turn              p - ring of poison resistance
MPRegen  0.10/turn              (no ring)

@: no status effects
A: small, carnivore
a: Renounce Religion


You were on level 6 of the Dungeon.
You worshipped Okawaru.
Okawaru was noncommittal.
You were completely stuffed.

You visited 1 branch of the dungeon, and saw 4 of its levels.

You collected 72 gold pieces.

Inventory:

Hand Weapons
 i - a +2 dagger of speed
 m - a +1 short sword of venom (weapon)
Missiles
 d - 8 poisoned darts (quivered)
 e - 4 curare-tipped darts
Armour
 b - a +0 robe (worn)
 g - a +0 pair of gloves (worn)
 k - a +0 cloak (worn)
 y - a +1 helmet of intelligence (worn)
Jewellery
 p - a ring of poison resistance (left hand)
Wands
 u - a wand of flame (13)
Scrolls
 h - 2 scrolls of teleportation {unknown}
 l - a scroll of identify {unknown}
 o - a scroll of amnesia {unknown}
 s - a scroll of enchant weapon {unknown}
 t - a scroll of random uselessness {unknown}
Potions
 a - a potion of stabbing {unknown}
 c - a potion of cancellation {unknown}
 j - 2 potions of brilliance {unknown}
 n - a potion of berserk rage {unknown}
 q - a potion of haste {unknown}
 r - a potion of flight {unknown}
 v - a potion of lignification {unknown}
 w - a potion of resistance {unknown}
 x - a potion of heal wounds {unknown}
Comestibles
 f - 7 rations


   Skills:
 + Level 3.4 Fighting
 * Level 5.2 Short Blades
 + Level 3.3 Throwing
 + Level 2.8 Dodging
 + Level 6.6 Stealth
 + Level 0.0 Invocations


You had 5 spell levels left.
You didn't know any spells.
Your spell library was empty.

Dungeon Overview and Level Annotations

Branches:
Dungeon (3/15)

Altars:
Nemelex Xobeh
Okawaru
Sif Muna
Yredelemnul


Innate Abilities, Weirdness & Mutations

You are small and have problems with some larger weapons.
You are carnivorous and can eat meat at any time.


Message History

The orc priest is lightly wounded.
The necrophage hits you but does no damage.
The orc hits you with a +0 whip.
* * * LOW HITPOINT WARNING * * *
You hit the orc priest.
The orc priest looks as sick as possible!
The orc priest is heavily wounded.
The orc completely misses you. The orc closely misses you.
The orc barely misses you. The orc priest closely misses you.
The sky beast hits you.
* * * LOW HITPOINT WARNING * * *
The sky beast shocks you.
* * * LOW HITPOINT WARNING * * *
The necrophage closely misses you. The orc hits you but does no damage.
Unknown command.
You hit the orc priest.
The orc priest looks as sick as possible!
The orc priest is severely wounded.
The orc hits you from afar with a +0 trident.
You die...

).>..... #
#....?.##
#.#.......#
.#.......#
........#
#.......#
###o......#
#..Yns##
#.#@o..#
#.ooo..#
###....#
....##
###...
#....
#.....
......


You could see a sky beast, a necrophage, a scorpion, an orc priest (extremely
poisoned) and 4 orcs.

Vanquished Creatures
  An orc priest (D:3)
  Natasha (thrice) (D:2)
  Ijyb (D:3)
  An orc wizard (D:3)
  5 adders
  An ooze (D:1)
  3 worms (D:2)
  2 dart slugs
  A leopard gecko (D:2)
  2 orcs (D:2)
  3 ball pythons
  3 giant cockroaches (D:2)
  9 goblins
  8 hobgoblins
  4 jackals (D:1)
  A quokka (D:2)
  9 bats
  3 frilled lizards
  6 kobolds
  7 rats
73 creatures vanquished.

Notes
Turn   | Place    | Note
-------+----------+-------------------------------------------
     0 | D:1      | Hasart the Kobold Assassin began the quest for the Orb.
     0 | D:1      | Reached XP level 1. HP: 12/12 MP: 1/1
   102 | D:1      | Reached XP level 2. HP: 17/17 MP: 2/2
   558 | D:1      | Reached XP level 3. HP: 10/22 MP: 3/3
  1568 | D:2      | Reached skill level 6 in Stealth
  1579 | D:2      | Reached XP level 4. HP: 27/27 MP: 4/4
  2149 | D:2      | Found a shimmering blue altar of Sif Muna.
  2426 | D:2      | Reached XP level 5. HP: 32/32 MP: 5/5
  2427 | D:2      | Noticed Natasha
  2430 | D:2      | Killed Natasha
  2657 | D:2      | Noticed Natasha
  2663 | D:2      | Killed Natasha
  2821 | D:2      | Noticed Natasha
  2830 | D:2      | Killed Natasha
  2830 | D:2      | Reached XP level 6. HP: 18/37 MP: 6/6
  3025 | D:3      | Reached skill level 5 in Short Blades
  3038 | D:3      | Noticed Ijyb
  3047 | D:3      | Killed Ijyb
  3270 | D:2      | Found a basalt altar of Yredelemnul.
  3292 | D:3      | Found an iron altar of Okawaru.
  3294 | D:3      | Found a sparkling altar of Nemelex Xobeh.
  3300 | D:3      | Became a worshipper of Warmaster Okawaru
  3401 | D:3      | You fall into a shaft and drop 3 floors!
  3402 | D:6      | Noticed a necrophage
  3402 | D:6      | Noticed a sky beast
  3408 | D:6      | HP: 1/37 [sky beast (6)]
  3409 | D:6      | Slain by an orc

Illustrated notes

Levels and vault maps discovered:
D:1:      lightli_arrival_flooded_house, layout_basic, serial_rivers,
          chequers_serial_rivers_small_b, chequers_serial_rivers_large_a,
          chequers_serial_rivers_room_b, chequers_serial_rivers_micro_a,
          chequers_serial_rivers_small_3, chequers_serial_rivers_marsh
D:2:      lemuel_upstairs_altar, layout_loops_ring,
          lemuel_coloured_pillars_altar, uniq_natasha
D:3:      layout_rooms, chequers_temple_overflow_statue_of_worship, uniq_ijyb
D:6:      layout_basic, lightli_sewer_entry_pipes

Skill      XL: |  1  2  3  4  5  6 |
---------------+-------------------+-----
Short Blades   | 3 4 5 |  5.2
Stealth        | 6 |  6.6
Dodging        | 2 |  2.8
Fighting       | 3 |  3.4
Throwing       | 3 |  3.3

Action                   |  1- 3 |  4- 6 || total
-------------------------+-------+-------++-------
Melee: Dagger            |    84 |       ||    84
       Short sword       |    17 |   145 ||   162
Throw: Dart              |     3 |     3 ||     6
 Stab: Sleeping          |     4 |     7 ||    11
  Eat: Chunk             |    10 |     6 ||    16
Armor: Robe              |    35 |    29 ||    64
Dodge: Dodged            |    62 |   111 ||   173

Table legend:
 A = Non-vault XP
 B = Vault XP
 C = Vault XP percentage of total XP
 D = Non-vault monster count
 E = Vault monster count
 F = Vault count percentage of total count
                 A         B        C        D         E       F
            +---------+---------+-------+---------+---------+-------
      Total |     336 |      68 |  16.8 |      71 |       2 |   2.7
            +---------+---------+-------+---------+---------+-------
        D:1 |      51 |       0 |   0.0 |      27 |       0 |   0.0
        D:2 |     178 |      35 |  16.4 |      35 |       1 |   2.8
        D:3 |     107 |      33 |  23.6 |       9 |       1 |  10.0
            +---------+---------+-------+---------+---------+-------
